 Dungeon Crawl Stone Soup version 0.26.1-16-g4e020e15dc (webtiles) character file.

Game seed: 15927508513049491238

87 Froggeryz the Cudgeller (level 4, 0/49 HPs)
             Began as an Octopode Berserker on Mar 3, 2023.
             Was a Believer of Trog.
             Slain by a goblin
             ... wielding a +0 club
              (4 damage)
             ... on level 2 of the Dungeon.
             The game lasted 00:01:50 (1969 turns).

Froggeryz the Cudgeller (Octopode Berserker)        Turns: 1969, Time: 00:01:51

Health: 0/49       AC:  1    Str: 16    XL:     4   Next: 51%
Magic:  4/4        EV: 14    Int:  9    God:    Trog [**....]
Gold:   34         SH:  0    Dex: 12    Spells: 3/3 levels left

rFire    . . .     SeeInvis .   a - +0 mace
rCold    . . .     Faith    .   (no shield)
rNeg     . . .     Spirit   .   (helmet restricted)
rPois    .         Reflect  .   (no amulet)
rElec    .         Harm     .   (no ring)
rCorr    .         Rampage  .   (no ring)
Will     .....                  (no ring)
Stlth    ..........             (no ring)
HPRegen  0.16/turn              (no ring)
MPRegen  0.09/turn              (no ring)
                                (no ring)
                                (no ring)

@: berserking, very quick
A: almost no armour, stealthy swim, amphibious, 8 rings, constrict 8, camouflage
1, gelatinous body 1
a: Renounce Religion, Berserk, Trog's Hand


You were on level 2 of the Dungeon.
You worshipped Trog.
Trog was pleased with you.
You visited 1 branch of the dungeon, and saw 2 of its levels.

You collected 34 gold pieces.

Inventory:

Hand Weapons
 a - a +0 mace (weapon)
Missiles
 f - 6 boomerangs
 h - 6 javelins
Scrolls
 b - 5 scrolls of identify {unknown}
 g - a scroll of enchant weapon {unknown}
 i - a scroll of amnesia {unknown}
 j - 2 scrolls of teleportation {unknown}
Potions
 c - 2 potions of might {unknown}
 d - a potion of heal wounds {unknown}
 e - a potion of haste {unknown}


   Skills:
 + Level 3.6 Fighting
 * Level 4.2 Maces & Flails
 - Level 3.0 Dodging
 + Level 2.6 Stealth


You had 3 spell levels left.
You didn't know any spells.
Your spell library was empty.

Dungeon Overview and Level Annotations

Branches:
Dungeon (2/15)

Altars:
Nemelex Xobeh
Okawaru
Uskayaw
Vehumet


Innate Abilities, Weirdness & Mutations

You cannot wear most types of armour.
You are very stealthy in the water. (Stealth+)
You are amphibious.
You can wear up to eight rings at the same time.
You can use your tentacles to constrict eight enemies at once.
Your skin changes colour to match your surroundings (Stealth+).
Your rubbery body absorbs attacks. (AC +1, EV +1)


Message History

You release your grip on the kobold.
The kobold hits you. The goblin closely misses you.
You barely miss the goblin. Your grab misses the goblin.
The kobold closely misses you. The goblin hits you with a +0 club.
The kobold hits you.
* * * LOW HITPOINT WARNING * * *
You miss the kobold. Your grab misses the kobold.
Your squeeze misses the kobold. The goblin closely misses you.
The kobold hits you.
* * * LOW HITPOINT WARNING * * *
You closely miss the goblin. Your grab misses the goblin.
Your squeeze misses the goblin. The goblin barely misses you.
The kobold hits you.
* * * LOW HITPOINT WARNING * * *
The rat bites you.
* * * LOW HITPOINT WARNING * * *
A red film seems to cover your vision as you go berserk!
You feel yourself moving faster!
You feel mighty! The goblin hits you with a +0 club.
You die...

##.###.......#####
#................#
#..###.###.#.###.#
######..# #.#
#.#.# #.#
#.......# #.#
#.#.# #.#
#.#.##..#
#.###.#.# #.#
##..(.# #.#.....#
#.# #.#..#..#
#.#.###.###.#
#....g@K# #...#
#...... #....r..#
#.#.###.###..
#.......#
#...........#
.........#
#.#.#######.#
##.......# #.#.#
#.# !........#
#.#.# #.#
.......... ..#.#
#.# ##..#.##.#
###.# #.# #.#


You could see a goblin, a kobold and a rat.

Vanquished Creatures
  2 adders (D:2)
  2 oozes (D:1)
  A worm (D:2)
  3 dart slugs (D:1)
  3 leopard geckos
  A ball python (D:1)
  A giant cockroach (D:1)
  14 goblins
  2 hobgoblins (D:1)
  3 kobolds (D:1)
  6 bats
  5 frilled lizards
  6 rats
49 creatures vanquished.

Notes
Turn   | Place    | Note
-------+----------+-------------------------------------------
     0 | D:1      | Froggeryz the Octopode Berserker began the quest for the
                  | Orb.
     0 | D:1      | Reached XP level 1. HP: 16/16 MP: 1/1
    97 | D:1      | Reached skill level 1 in Stealth
    97 | D:1      | Reached XP level 2. HP: 21/21 MP: 2/2
   397 | D:1      | Reached XP level 3. HP: 26/26 MP: 3/3
   848 | D:1      | Reached ** piety under Trog
  1429 | D:2      | Found a radiant altar of Vehumet.
  1430 | D:2      | Found a hide-covered altar of Uskayaw.
  1430 | D:2      | Found an iron altar of Okawaru.
  1430 | D:2      | Found a sparkling altar of Nemelex Xobeh.
  1436 | D:2      | Reached skill level 4 in Maces & Flails
  1436 | D:2      | Reached XP level 4. HP: 29/31 MP: 4/4
  1557 | D:2      | HP: 2/48 [goblin (1)]
  1969 | D:2      | Slain by a goblin

Illustrated notes

Levels and vault maps discovered:
D:1:      saegor_arrival_under_anarchy, layout_loops_corners, minmay_cut_off
D:2:      lemuel_upstairs_altar, layout_loops_ring, minitemple

Skill      XL: |  1  2  3 |
---------------+----------+-----
Stealth        | 1 2 |  2.6
Maces & Flails | 4 |  4.2
Fighting       | |  3.6
Dodging        | |  3.0

Action                   |  1- 3 |  4- 6 || total
-------------------------+-------+-------++-------
Melee: Mace              |    63 |    25 ||    88
       Constrict         |    17 |     4 ||    21
       Tentacles         |     9 |     1 ||    10
Invok: Berserk           |       |     2 ||     2
 Stab: Sleeping          |    10 |     1 ||    11
Armor: Skin              |     3 |     5 ||     8
Dodge: Dodged            |    30 |    33 ||    63
